 Dungeon Crawl Stone Soup version 0.28-a0-987-g8383568036 (webtiles) character file.

Game seed: 4144864472911611940

88 BinkBink the Slasher (level 4, -5/41 HPs)
             Began as a Minotaur Monk on Dec 4, 2021.
             Killed by nerve-wracking pain
             ... invoked by Grinder
              (8 damage)
             ... on level 3 of the Dungeon.
             The game lasted 00:01:49 (1489 turns).

BinkBink the Slasher (Minotaur Monk)                Turns: 1489, Time: 00:01:50

Health: -5/41      AC:  2    Str: 15    XL:     4   Next: 29%
Magic:  3/3        EV: 13    Int:  7    God:
Gold:   50         SH:  0    Dex: 15    Spells: 3/3 levels left

rFire   . . .      SeeInvis .   a - +0 falchion
rCold   . . .      Faith    .   (no shield)
rNeg    . . .      Spirit   .   b - +0 robe
rPois   .          Reflect  .   (helmet restricted)
rElec   .          Harm     .   (no cloak)
rCorr   .          Rampage  .   (no gloves)
Will    .....                   (no boots)
Stlth   ++........              (no amulet)
HPRegen 0.13/turn               (no ring)
MPRegen 0.08/turn               (no ring)

@: brilliant, hasted, very quick
A: horns 2, retaliatory headbutt
a: no special abilities


You were on level 3 of the Dungeon.
You visited 1 branch of the dungeon, and saw 3 of its levels.

You collected 50 gold pieces.

Inventory:

Hand Weapons
 a - a +0 falchion (weapon)
Armour
 b - a +0 robe (worn)
 h - a +0 plate armour
Scrolls
 c - 3 scrolls of identify
 d - a scroll of immolation
 e - a scroll of amnesia {unknown}
 f - a scroll of brand weapon {unknown}
 i - a scroll of holy word {unknown}
 k - a scroll of fog {unknown}


   Skills:
 + Level 4.5 Fighting
 + Level 4.6 Long Blades
 * Level 1.2 Armour
 + Level 4.1 Dodging
 - Level 1.5 Stealth


You had 3 spell levels left.
You didn't know any spells.
Your spell library was empty.

Dungeon Overview and Level Annotations

Branches:
Dungeon (3/15)

Altars:
Elyvilon

Annotations:
D:3 Grinder


Innate Abilities, Weirdness & Mutations

You have a pair of horns on your head.
You reflexively headbutt those who attack you in melee.


Message History

A rat zombie is nearby!
A rat zombie is nearby!
Grinder comes into view.
Grinder shouts!
A rat zombie comes into view.
The rat zombie bites you. Grinder gestures at you.
Pain shoots through your body!
The rat zombie moves out of view.
You completely miss Grinder. The rat zombie closely misses you.
Grinder hits you but does no damage.
You slash Grinder!
Grinder is lightly wounded.
The rat zombie bites you. Grinder misses you.
You slash Grinder!
Grinder is heavily wounded.
Grinder barely misses you. You furiously retaliate!
You headbutt Grinder! The rat zombie barely misses you.
You barely miss Grinder.
Grinder is heavily wounded.
Grinder hits you!
You writhe in agony.
The rat zombie closely misses you.
You hit Grinder.
Grinder is severely wounded.
Grinder hits you.
* * * LOW HITPOINT WARNING * * *
You writhe in agony.
* * * LOW HITPOINT WARNING * * *
It was a potion of haste.
You feel yourself speed up. Grinder barely misses you. You furiously retaliate!
You headbutt Grinder.
It was a potion of brilliance.
You feel clever all of a sudden.
As you read the scroll labelled QETWIANLEU, it crumbles to dust.
It is a scroll of identify.
d - a scroll of immolation Grinder hits you.
* * * LOW HITPOINT WARNING * * *
You writhe in agony.
* * * LOW HITPOINT WARNING * * *
Grinder gestures at you. Pain shoots through your body!
You die...

#.# #.# #.# #.#
#.# #.# #.# #.#
#.# #.#
######.#######.##
.)......##......##
####.#.#.#.####..#
#.#..##..# ##@#
####..##.#.# #.#
....#.#.##.# #.#
.##.#..# #.# #.##
..# #.# #.# #..#
.## ######### ##5#
.# ≈≈≈≈≈≈≈ #.# .#
.......####Z# ##
......ZZ....#


You could see Grinder and a rat zombie.

Vanquished Creatures
  A howler monkey (D:2)
  An adder (D:2)
  3 worms (D:2)
  A dart slug (D:1)
  5 ball pythons
  A bat (D:1)
  4 endoplasms
  A giant cockroach (D:2)
  3 goblins
  2 hobgoblins
  3 quokkas (D:2)
  2 kobolds
  3 rats
30 creatures vanquished.

Notes
Turn   | Place    | Note
-------+----------+-------------------------------------------
     0 | D:1      | BinkBink the Minotaur Monk began the quest for the Orb.
     0 | D:1      | Reached XP level 1. HP: 19/19 MP: 0/0
   501 | D:1      | Reached XP level 2. HP: 27/27 MP: 1/1
   811 | D:2      | Reached XP level 3. HP: 29/33 MP: 2/2
   858 | D:2      | Reached XP level 4. HP: 41/41 MP: 3/3
   860 | D:2      | Reached skill level 1 in Armour
   922 | D:2      | Found a faded altar of an unknown god.
  1357 | D:2      | Found a white marble altar of Elyvilon.
  1467 | D:3      | Noticed Grinder
  1489 | D:3      | Killed from afar by Grinder

Illustrated notes

Levels and vault maps discovered:
D:1:      wander_arrival_estate, layout_basic
D:2:      layout_basic, basic_altar, shapermc_ecumenical_altar_pompeii
D:3:      layout_loops_ring, nicolae_overflow_hidden_temple,
          lemuel_zombie_altar_kikubaaqudgha, uniq_grinder

Skill      XL: |  1  2  3  4 |
---------------+-------------+-----
Fighting       | 4 |  4.5
Long Blades    | 4 |  4.6
Dodging        | 4 |  4.1
Armour         | 1 |  1.2
Stealth        | |  1.5

Action                   |  1- 3 |  4- 6 || total
-------------------------+-------+-------++-------
Melee: Falchion          |    32 |    26 ||    58
       Headbutt          |     6 |     2 ||     8
  Use: Potion            |       |     2 ||     2
       Scroll            |       |     1 ||     1
 Stab: Sleeping          |     2 |     2 ||     4
Armor: Robe              |     4 |     4 ||     8
Dodge: Dodged            |    22 |    23 ||    45

Table legend: (Time is in decaauts)
 A = Elapsed time spent in this place.
 B = Non-inter-level travel time spent in this place.
 C = Inter-level travel time spent in this place.
 D = Time resting spent in this place.
 E = Time spent auto-exploring this place.
 F = Levels seen in this place.
 G = Mean time per level.
                   A        B        C        D        E       F      G
               +--------+--------+--------+--------+--------+-----+--------+
         Total |   1490 |   1451 |     39 |      0 |   1215 |   3 |  496.7 |
       Dungeon |   1490 |   1451 |     39 |      0 |   1215 |   3 |  496.7 |
               +--------+--------+--------+--------+--------+-----+--------+

Top non-repeatable levels by time:
     D:2: 791 daAuts
     D:1: 626 daAuts
     D:3: 72 daAuts
